 Dungeon Crawl Stone Soup version 0.29.1-15-g9cfb28693d (webtiles) character file.

Game seed: 10072546698787448394

89307 javelincjr the Envoy of Void (level 15, 0/119 HPs)
             Began as a Demonspawn Abyssal Knight on Mar 25, 2023.
             Was a High Priest of Lugonu.
             Slain by a two-headed ogre
             ... wielding a +0 giant club
              (9 damage)
             ... on level 1 of the Orcish Mines on Mar 26, 2023.
             The game lasted 01:46:42 (25458 turns).

javelincjr the Envoy of Void (DsAK)                Turns: 25458, Time: 01:46:43

Health: 0/119      AC: 25    Str: 27    XL:     15   Next: 49%
Magic:  26/26      EV: 20    Int: 15    God:    Lugonu [*****.]
Gold:   2080       SH:  8    Dex: 26    Spells: 27/28 levels left

rFire   + + +      SeeInvis .   u - +7 hand axe "Izoasulu" {vorpal, rF+ rN+ Dex+3}
rCold   . . .      Faith    .   b - +1 buckler of the Valley of Death {Rampage Str+7}
rNeg    + . .      Spirit   .   n - +6 chain mail of Larett {Contam rF+++ Str+3 Dex+3}
rPois   .          Reflect  .   Y - +0 hat
rElec   +          Harm     .   R - scarf {+Inv}
rCorr   .          Rampage  +   L - +1 pair of gloves
Will    +++..                   C - +0 pair of boots
Stlth   +++++.....              W - amulet of regeneration
HPRegen 1.09/turn               i - +4 ring of evasion
MPRegen 0.20/turn               o - +4 ring of protection

@: no status effects
A: antennae 1, thin skeletal structure 3, ignite blood 1, spiny 2, demonic
willpower, strong-willed 1, electricity resistance
a: Renounce Religion, Evoke Invisibility, Depart the Abyss, Bend Space, Banish,
Corrupt, Enter the Abyss


You were on level 1 of the Orcish Mines.
You worshipped Lugonu.
Lugonu was extremely pleased with you.
You visited 5 branches of the dungeon, and saw 24 of its levels.
You visited the Abyss 1 time.
You also visited: Ice Cave.

You collected 2160 gold pieces.
You spent 80 gold pieces at shops.

Inventory:

Hand Weapons
 u - the +7 hand axe "Izoasulu" (weapon) {vorpal, rF+ rN+ Dex+3}
   (You found it on level 3 of the Dungeon)

   It inflicts extra damage upon your enemies.
   Dex:       It affects your dexterity (+3).
   rF:        It protects you from fire.
   rN:        It protects you from negative energy.
Missiles
 f - 22 poisoned darts
 s - 12 boomerangs (quivered)
 y - 8 datura-tipped darts
 P - 3 atropa-tipped darts
Armour
 b - the +1 buckler of the Valley of Death (worn) {Rampage Str+7}
   (You acquired it in the Ecumenical Temple)

   Str:       It affects your strength (+7).
   Rampage:   It bestows one free step when moving towards enemies.
 n - the +6 chain mail of Larett (worn) {Contam rF+++ Str+3 Dex+3}
   (You found it on level 14 of the Dungeon)

   Str:       It affects your strength (+3).
   Dex:       It affects your dexterity (+3).
   rF:        It renders you almost immune to fire.
   Contam:    It causes magical contamination when unequipped.
 C - a +0 pair of boots (worn)
 L - a +1 pair of gloves (worn)
 R - a scarf of invisibility (worn)
 T - a scarf of resistance
 Y - a +0 hat (worn)
Jewellery
 i - a +4 ring of evasion (left hand)
 o - a +4 ring of protection (right hand)
 M - a ring of flight
 W - an amulet of regeneration (around neck)
Wands
 c - a wand of polymorph (14)
 h - a wand of roots (19)
 p - a wand of flame (48)
 A - a wand of charming (15)
 V - a wand of mindburst (17)
Scrolls
 a - a scroll of magic mapping
 e - 2 scrolls of fear
 g - 4 scrolls of fog
 j - 13 scrolls of teleportation
 k - 3 scrolls of blinking
 l - a scroll of summoning
 r - 4 scrolls of poison
 t - 8 scrolls of amnesia
 w - 2 scrolls of brand weapon
 E - a scroll of silence
 U - 3 scrolls of enchant weapon
Potions
 d - 9 potions of heal wounds
 m - a potion of flight
 q - 4 potions of haste
 v - 6 potions of curing
 z - 2 potions of mutation
 H - 2 potions of resistance {unknown}
 I - 2 potions of brilliance {unknown}
 K - a potion of invisibility
 N - 3 potions of might
 O - 2 potions of ambrosia {unknown}
Miscellaneous
 D - a lightning rod (4/4)
 F - a tin of tremorstones (2/2)


   Skills:
 + Level 11.5 Fighting
 + Level 10.3 Axes
 + Level 10.3 Armour
 + Level 10.1 Dodging
 + Level 8.9 Stealth
 + Level 7.3 Shields
 + Level 7.4 Spellcasting
 + Level 1.4 Conjurations
 + Level 1.4 Air Magic
 + Level 14.4 Invocations
 + Level 0.4 Evocations


You had 27 spell levels left.
You knew the following spells:

 Your Spells              Type           Power      Damage    Failure   Level
a - Shock                 Conj/Air       36%        1d5       36%         1

Your spell library contained the following spells:

 Spells                   Type           Power      Damage    Failure   Level
 Apportation              Tloc           10%        N/A       56%         1
 Freeze                   Ice            20%        1d4       56%         1
 Necrotise                Necr           20%        1d5       56%         1
 Sting                    Tmut/Pois      20%        1d4       56%         1
 Summon Small Mammal      Summ           20%        N/A       56%         1
 Poisonous Vapours        Pois/Air       14%        N/A       63%         2
 Ensorcelled Hibernation  Hex/Ice        10%        N/A       71%         2
 Passwall                 Tmut/Erth      4%         N/A       71%         2
 Swiftness                Air            9%         N/A       75%         3
 Mephitic Cloud           Conj/Pois/Air  8%         N/A       82%         3
 Ozocubu's Armour         Ice            5%         N/A       91%         3
 Hailstorm                Conj/Ice       7%         3d4       99%         4
 Ice Form                 Ice/Tmut       5%         N/A       100%        4
 Leda's Liquefaction      Hex/Erth       2%         N/A       100%        4
 Olgreb's Toxic Radiance  Pois           5%         N/A       100%        4
 Lee's Rapid Deconstruct  Erth           2%         3d6*      100%        5
 Summon Mana Viper        Hex/Summ       5%         N/A       100%        5
 Yara's Violent Unravell  Hex/Tmut       2%         3d3       100%        5
 Simulacrum               Ice/Necr       2%         N/A       100%        6
 Statue Form              Tmut/Erth      3%         N/A       100%        6
 Ozocubu's Refrigeration  Ice            2%         4d8       100%        7
 Storm Form               Tmut/Air       3%         N/A       100%        7


Dungeon Overview and Level Annotations

Branches:
Dungeon (15/15)            Temple (1/1) D:5            Lair (5/5) D:9
  Swamp (0/4) Lair:2       Spider (1/4) Lair:3        Slime (0/5) Lair:5
    Orc (2/2) D:12            Elf (0/3) Orc:2        Vaults (0/5) D:14
 Depths (0/4) D:15          IceCv (visited)

Altars:
Ashenzari
Cheibriados
Dithmenos
Fedhas
Gozag
Hepliaklqana
Kikubaaqudgha
Makhleb
Nemelex Xobeh
Okawaru
Qazlal
Ru
Sif Muna
Trog
Uskayaw
Vehumet
Wu Jian
Xom
Yredelemnul
Jiyva

Shops:
D:5 (   D:6 *   D:9 (   D:10 !   D:13 *

Portals:
Hell: Lair:5

Annotations:
Lair:5 corrupted
Abyss:1 Joseph; Maggie; Pikel; Rupert; Sonja; Urug; jtron's ghost, journeyman GnWn


Innate Abilities, Weirdness & Mutations

You have a pair of small antennae on your head.
You have an unnaturally thin skeletal structure. (Dex +6, Stealth+++)
Your demonic aura sometimes causes spilled blood to erupt in flames.
You are mostly covered in sharp spines.
You punish those that try to bend your will. (Will+)
You are strong-willed. (Will+)
You are resistant to electric shocks. (rElec)


Message History

You hit the two-headed ogre. You slash the ogre! You hit the two-headed ogre.
You closely miss the two-headed ogre. The two-headed ogre misses you.
The two-headed ogre hits you but does no damage.
You block the two-headed ogre's attack.
The two-headed ogre completely misses you.
The two-headed ogre is struck by your spines.
The two-headed ogre hits you with a +0 giant club!!
You block the two-headed ogre's attack.
The two-headed ogre is engulfed in blazing flames.
The two-headed ogre closely misses you. The two-headed ogre barely misses you.
You block the two-headed ogre's attack. The two-headed ogre misses you.
The ogre is engulfed in blazing flames.
The ogre is struck by your spines.
You kill the ogre!
Lugonu accepts your kill.
You hit the two-headed ogre.
The two-headed ogre is severely wounded.
You hit the two-headed ogre. x4
You hit the two-headed ogre but do no damage.
The two-headed ogre is struck by your spines.
The two-headed ogre hits you with a +0 giant spiked club!
You block the two-headed ogre's attack.
The two-headed ogre is engulfed in blazing flames.
The two-headed ogre is struck by your spines.
The two-headed ogre hits you with a +0 giant spiked club!
* * * LOW HITPOINT WARNING * * *
You block the two-headed ogre's attack.
The two-headed ogre hits you with a +0 giant spiked club!
* * * LOW HITPOINT WARNING * * *
The two-headed ogre misses you.
The two-headed ogre is struck by your spines.
The two-headed ogre hits you with a +0 giant club.
* * * LOW HITPOINT WARNING * * *
The two-headed ogre hits you with a +0 great mace.
* * * LOW HITPOINT WARNING * * *
The two-headed ogre is engulfed in blazing flames.
You block the two-headed ogre's attack.
The two-headed ogre completely misses you.
The two-headed ogre is struck by your spines.
The two-headed ogre hits you with a +0 giant club!
You die...

##### ### ### ###
##...###.####.### ###
#.####.....#.........## ##.##
...##.................###...#
..##.#...#.............###.##
..#............OOO......##.###
.....##........O@)...........##
#....#.........O○O.......#....#
#.#.#.....#......[...##...)#.##
...###.##.#.....[[#.........##
..###......#......##.##.##.##
.## ##.............#.####### ##
#............#...#
#.............#.##
###.#...........##


You could see 6 two-headed ogres.

Vanquished Creatures
  The ghost of Ohopnof the Impaler, a journeyman MiBe of Trog (Lair:3)
  A dire elephant (D:15)
  Snorg (Orc:1)
  3 boulder beetles
  4 hydras
  4 ogre magi
  12 two-headed ogres
  3 tengu warriors
  8 death yaks
  13 ugly things
  5 cyclopes
  A manticore (D:12)
  2 wolf spiders (Spider:1)
  A salamander (D:15)
  7 elephants (Lair:5)
  3 torpor snails
  4 black mambas
  3 ice statues (IceCv)
  4 cane toads
  3 unseen horrors
  2 orange demons (Lair:5)
  A smoke demon (Lair:5)
  2 rime drakes (Lair:5)
  An anaconda simulacrum (IceCv)
  A kobold demonologist (D:12)
  11 komodo dragons
  4 ice devils
  An efreet (D:15)
  A red devil (Lair:5)
  A freezing wraith (D:14)
  A merfolk (D:15)
  8 polar bears
  8 blink frogs
  5 trolls
  A tarantella (Spider:1)
  2 hornets (Lair:5)
  6 slime creatures
  A jumping spider (Spider:1)
  Sigmund (D:3)
  A dire elephant simulacrum (IceCv)
  A vampire (D:10)
  2 spriggans (Lair:5)
  A shadow (D:10)
  4 wyverns
  A wraith (D:14)
  2 basilisks
  Eustachio (D:4)
  A basilisk (shapeshifter) (D:15)
  72 yaks
  3 redbacks
  A redback (shapeshifter) (D:14)
  5 vampire mosquitoes
  A warg (Orc:1)
  A death yak simulacrum (IceCv)
  A steam dragon (D:9)
  A harpy simulacrum (IceCv)
  2 acid dragons
  3 hell hounds (Lair:5)
  14 water moccasins
  12 orc warriors
  A meliai simulacrum (D:15)
  3 ice beasts
  2 black bears
  A boggart (Lair:5)
  4 centaurs
  17 ogres
  12 wolves
  10 bullfrogs
  A kobold brigand (D:4)
  3 gnoll sergeants (D:9)
  A cane toad simulacrum (IceCv)
  A scorpion (D:5)
  10 wights
  13 killer bees
  4 electric eels
  5 howler monkeys
  2 lava snakes (D:7)
  6 hounds
  A quasit (Abyss:1)
  4 jellies
  13 orc priests
  4 iguanas
  Natasha (thrice) (D:3)
  18 orc wizards
  A polar bear simulacrum (IceCv)
  2 wolf simulacra (IceCv)
  9 gnolls
  11 adders
  A white imp (D:7)
  2 ufetubi
  A worm (D:3)
  2 dart slugs
  76 orcs
  5 endoplasms
  3 giant cockroaches
  9 hobgoblins
  8 jackals
  10 quokkas
  9 ball pythons
  4 bats
  8 frilled lizards
  7 goblins
  12 kobolds
  10 rats
  A spectral goblin (D:9)
601 creatures vanquished.

Vanquished Creatures (collateral kills)
  A gnoll sergeant (D:9)
  2 gnolls (D:9)
3 creatures vanquished.

Vanquished Creatures (others)
  2 hydras (Lair:5)
  A boulder beetle (Lair:5)
  A wizard (Lair:5)
  4 elephants (Lair:5)
  An orange demon (Lair:5)
  A cane toad (Lair:5)
  3 rime drakes (Lair:5)
  5 yaks (Lair:5)
  A basilisk (Lair:5)
  A killer bee (D:9)
  36 fungi
  62 plants
  5 starspawn tentacles (Lair:5)
  2 withered plants (D:3)
125 creatures vanquished.

Grand Total: 729 creatures vanquished

Notes
Turn   | Place    | Note
-------+----------+-------------------------------------------
     0 | Abyss:1  | javelincjr the Demonspawn Abyssal Knight began the quest
                  | for the Orb.
     0 | Abyss:1  | Reached XP level 1. HP: 18/18 MP: 2/2
    34 | Abyss:1  | Noticed a quasit
    49 | Abyss:1  | Found a snail-covered altar of Cheibriados.
    51 | Abyss:1  | Killed a quasit
    52 | Abyss:1  | Reached skill level 1 in Dodging
    52 | Abyss:1  | Reached skill level 3 in Invocations
    52 | Abyss:1  | Gained mutation: You are partially covered in sharp spines.
                  | [demonic ancestry]
    52 | Abyss:1  | Reached XP level 2. HP: 1/24 MP: 2/4
    52 | Abyss:1  | Gained mutation: You are mostly covered in sharp spines.
                  | [demonic ancestry]
    52 | Abyss:1  | Reached XP level 3. HP: 2/29 MP: 2/5
   400 | Abyss:1  | Noticed a large abomination
   400 | Abyss:1  | Noticed an Executioner
   401 | Abyss:1  | Noticed an orange demon
   403 | D:1      | Escaped the Abyss
   608 | D:1      | Reached ** piety under Lugonu
  1174 | D:1      | Reached XP level 4. HP: 35/35 MP: 6/6
  1639 | D:2      | Found a faded altar of an unknown god.
  2241 | D:3      | Reached *** piety under Lugonu
  2268 | D:3      | Reached XP level 5. HP: 20/42 MP: 7/7
  2325 | D:3      | Noticed Natasha
  2437 | D:3      | Found a shimmering altar of Xom.
  2581 | D:3      | Found a basalt altar of Yredelemnul.
  2600 | D:3      | Killed Natasha
  2601 | D:3      | Reached skill level 4 in Invocations
  2675 | D:3      | Noticed Natasha
  2680 | D:3      | Killed Natasha
  2838 | D:3      | Identified the +7 hand axe "Izoasulu" {vorpal, rF+ rN+
                  | Dex+3}
  3021 | D:3      | Found a broken altar of Ashenzari.
  3046 | D:3      | Noticed Sigmund
  3086 | D:3      | Killed Sigmund
  3087 | D:3      | Gained mutation: Your demonic aura sometimes causes spilled
                  | blood to erupt in flames. [demonic ancestry]
  3087 | D:3      | Reached XP level 6. HP: 48/48 MP: 9/9
  3337 | D:3      | Noticed Natasha
  3343 | D:3      | Killed Natasha
  3571 | D:4      | Reached XP level 7. HP: 55/55 MP: 10/10
  3714 | D:4      | Reached skill level 5 in Invocations
  3829 | D:4      | Reached **** piety under Lugonu
  4294 | D:4      | Noticed Eustachio
  4312 | D:4      | Killed Eustachio
  4313 | D:4      | Reached skill level 5 in Fighting
  4745 | D:5      | Entered Level 5 of the Dungeon
  4746 | D:5      | Found a staircase to the Ecumenical Temple.
  4756 | Temple   | Entered the Ecumenical Temple
  4756 | Temple   | Found a transporter.
  4756 | Temple   | Found a transporter.
  4758 | Temple   | Found a transporter.
  4758 | Temple   | Found a transporter.
  4851 | D:5      | Found a stormy altar of Qazlal.
  4923 | D:5      | Reached XP level 8. HP: 56/62 MP: 12/12
  5011 | D:5      | Reached skill level 6 in Invocations
  5598 | D:5      | HP: 2/63 [ice beast (14)]
  5616 | D:5      | Reached skill level 7 in Invocations
  5874 | D:5      | Reached skill level 5 in Axes
  5879 | D:5      | Reached skill level 5 in Armour
  5894 | D:5      | Noticed a troll
  5898 | D:5      | Gained mutation: You have a somewhat thin skeletal
                  | structure. (Dex +2, Stealth+) [demonic ancestry]
  5898 | D:5      | Reached XP level 9. HP: 47/69 MP: 14/14
  5904 | D:5      | Killed a troll
  6088 | D:5      | Reached skill level 5 in Dodging
  6163 | D:5      | Found Wobim's Antique Weapon Shoppe.
  6223 | D:6      | Reached skill level 8 in Invocations
  6474 | D:6      | Found a blossoming altar of Fedhas.
  6490 | D:6      | Noticed Pikel
  6500 | D:6      | Banished Pikel
  6678 | D:6      | Noticed Maggie
  6680 | D:6      | Banished Maggie
  6681 | D:6      | Reached skill level 9 in Invocations
  6681 | D:6      | Gained mutation: You have a moderately thin skeletal
                  | structure. (Dex +4, Stealth++) [demonic ancestry]
  6681 | D:6      | Reached XP level 10. HP: 79/79 MP: 11/16
  6764 | D:6      | Found Gyblarruocw's Goods Gallery.
  7215 | D:7      | Noticed Joseph
  7219 | D:7      | Banished Joseph
  7220 | D:7      | Reached skill level 1 in Stealth
  8633 | D:9      | Noticed a gargoyle
  8824 | D:9      | Banished a gargoyle
  9292 | D:9      | Reached skill level 10 in Invocations
  9305 | D:9      | Reached XP level 11. HP: 62/86 MP: 18/18
  9493 | D:9      | Found a staircase to the Lair.
  9524 | D:9      | Found Bygruov's Weapon Boutique.
  9595 | D:9      | Found a snail-covered altar of Cheibriados.
  9854 | D:9      | Found a hazy altar of Hepliaklqana.
 10068 | D:9      | Found a bloodstained altar of Trog.
 10347 | D:10     | Entered Level 10 of the Dungeon
 10724 | D:10     | Noticed Urug
 10727 | D:10     | Banished Urug
 10737 | D:10     | Reached skill level 1 in Shields
 10740 | D:10     | Reached skill level 1 in Spellcasting
 11168 | D:10     | Found Ocy Puwu's Distillery.
 11176 | D:10     | Bought a potion of heal wounds for 80 gold pieces
 11789 | D:11     | Noticed Sonja
 11790 | D:11     | Banished Sonja
 11931 | D:11     | Noticed a two-headed ogre
 11932 | D:11     | Banished a two-headed ogre
 12414 | D:11     | Gained mutation: You are resistant to electric shocks.
                  | (rElec) [potion of mutation]
 12414 | D:11     | Gained mutation: You are strong-willed. (Will+) [potion of
                  | mutation]
 12521 | D:11     | Noticed a white ugly thing
 12532 | D:11     | HP: 4/87 [white ugly thing (23)]
 12541 | D:11     | Banished a white ugly thing
 13447 | D:12     | Identified a scroll of acquirement
 13447 | D:12     | Acquired an amulet of regeneration
 13495 | D:12     | Found a staircase to the Orcish Mines.
 14157 | D:12     | Reached skill level 11 in Invocations
 14578 | D:12     | Noticed a two-headed ogre
 14586 | D:12     | Killed a two-headed ogre
 14640 | D:12     | Noticed a white ugly thing
 14648 | D:12     | Killed a white ugly thing
 14649 | D:12     | Reached XP level 12. HP: 51/94 MP: 20/20
 14670 | D:12     | Reached skill level 5 in Stealth
 14941 | D:13     | Noticed Rupert
 14943 | D:13     | Paralysed by Rupert for 3 turns
 14948 | D:13     | Banished Rupert
 15291 | D:13     | Noticed a boulder beetle
 15321 | D:13     | Killed a boulder beetle
 15528 | D:13     | Noticed a two-headed ogre
 15539 | D:13     | Killed a two-headed ogre
 15792 | D:13     | Found Ziarek's General Store.
 15982 | D:14     | Identified the +6 chain mail of Larett {Contam rF+++ Str+3
                  | Dex+3}
 16178 | D:14     | Noticed a boulder beetle
 16202 | D:14     | Killed a boulder beetle
 16311 | D:14     | Noticed an ettin
 16326 | D:14     | Banished an ettin
 16380 | D:14     | Found a gate to the Vaults.
 16397 | D:14     | Noticed a centaur warrior
 16399 | D:14     | Banished a centaur warrior
 16400 | D:14     | Reached skill level 12 in Invocations
 16462 | D:14     | Identified the +1 helmet "Bugequm" {Int+3 SInv}
 16507 | D:14     | Noticed a boulder beetle
 16531 | D:14     | Killed a boulder beetle
 16646 | D:14     | Gained mutation: You have a pair of small antennae on your
                  | head. [demonic ancestry]
 16646 | D:14     | Reached XP level 13. HP: 102/102 MP: 14/22
 17207 | D:15     | Entered Level 15 of the Dungeon
 17283 | D:15     | Reached skill level 10 in Fighting
 17283 | D:15     | Reached skill level 5 in Spellcasting
 17542 | D:15     | Reached skill level 5 in Shields
 18108 | D:15     | Noticed a dire elephant
 18130 | D:15     | Killed a dire elephant
 18185 | D:15     | Found a staircase to the Depths.
 18570 | Lair:1   | Entered Level 1 of the Lair of Beasts
 18683 | Lair:1   | Identified the +7 swamp dragon scales "Leajug" {Contam
                  | Rampage rPois Int+2}
 19436 | Lair:2   | Reached skill level 13 in Invocations
 19441 | Lair:2   | Found a frozen archway.
 19482 | IceCv    | Entered an ice cave
 19920 | IceCv    | Gained mutation: You have an unnaturally thin skeletal
                  | structure. (Dex +6, Stealth+++) [demonic ancestry]
 19920 | IceCv    | Reached XP level 14. HP: 57/111 MP: 10/23
 20266 | Temple   | Acquired the +1 buckler of the Valley of Death {Rampage
                  | Str+7}
 20396 | Lair:2   | Found a staircase to the Swamp.
 20650 | Lair:2   | Identified the +4 mace "Giantbane" {flame, Fragile rC+++
                  | rCorr Int-5}
 21278 | Lair:3   | Found a hole to the Spider Nest.
 21458 | Lair:3   | Found a transporter.
 21482 | Lair:3   | Found a transporter.
 21485 | Lair:3   | Noticed Ohopnof's ghost (journeyman MiBe)
 22076 | Lair:3   | Killed Ohopnof's ghost
 22437 | Lair:4   | Got the Exposition on Cursed Rime
 22468 | Lair:4   | Reached ***** piety under Lugonu
 22899 | Lair:5   | Entered Level 5 of the Lair of Beasts
 23041 | Lair:5   | Reached skill level 10 in Armour
 23103 | Lair:5   | Found a staircase to the Slime Pits.
 23103 | Lair:5   | Found a viscous altar of Jiyva.
 23134 | Lair:5   | Found a runed translucent door.
 23143 | Lair:5   | Reached skill level 14 in Invocations
 23151 | Lair:5   | Noticed jtron's ghost (journeyman GnWn)
 23157 | Lair:5   | Identified the +3 spear of Corporal Punishment {flame,
                  | rPois Will+++ rCorr Int-5 Stlth-}
 23179 | Lair:5   | Banished jtron's ghost
 23180 | Lair:5   | Reached skill level 10 in Axes
 23399 | Lair:5   | Gained mutation: You punish those that try to bend your
                  | will. (Will+) [demonic ancestry]
 23399 | Lair:5   | Reached XP level 15. HP: 119/119 MP: 25/25
 23420 | Lair:5   | Corrupted Lair:5
 23420 | Lair:5   | Noticed a dread lich
 23420 | Lair:5   | Noticed a tentacled starspawn
 23739 | Lair:5   | Found a burning altar of Makhleb.
 23754 | Lair:5   | Reached skill level 10 in Dodging
 23787 | Lair:5   | Found a gateway to Hell.
 23795 | Lair:5   | Got the Directory of Feathers
 23798 | Lair:5   | Learned a level 1 spell: Shock
 24268 | Spider:1 | Entered Level 1 of the Spider Nest
 24542 | Orc:1    | Entered Level 1 of the Orcish Mines
 24561 | Orc:1    | Noticed Snorg
 24610 | Orc:1    | Killed Snorg
 25071 | Orc:2    | Entered Level 2 of the Orcish Mines
 25080 | Orc:2    | Found a staircase to the Elven Halls.
 25145 | Orc:2    | Reached skill level 1 in Air Magic
 25146 | Orc:2    | Reached skill level 1 in Conjurations
 25458 | Orc:1    | Slain by a two-headed ogre

Illustrated notes

Levels and vault maps discovered:
D:1:      lemuel_arrival_tunnels, layout_loops_ring
D:2:      layout_basic, shapermc_ecumenical_altar_starsandcircs
D:3:      kb_forest_paths, layout_basic, ashenzari_altar_1, xom_confusion_cloud,
          yredelemnul_altar_generic, serial_bayou_ford_a, serial_park_tiny_2,
          kennysheep_nub, serial_park_tiny_pond, minivault_24,
          minmay_misc_feat_tiny, grunt_ministairs_9, uniq_sigmund, uniq_natasha
D:4:      layout_basic, hangedman_feature_mirror, uniq_eustachio
D:5:      kennysheep_windowed_halls, layout_basic,
          mainiacjoe_overflow_small_starburst,
          minmay_temple_entry_statues_fountains, serial_shops,
          kennysheep_mini_moat
D:6:      layout_basic, fedhas_altar_3, nicolae_alphabet_shops,
          serial_park_tiny_2, uniq_maggie, uniq_pikel
D:7:      layout_rooms, grunt_decor_junction, uniq_joseph
D:8:      layout_gridville
D:9:      minmay_octagon_keep, layout_long_grid, general_overflow_altar,
          nicolae_hepliaklqana_monster_ancestors, mainiacjoe_overflow_chevrons,
          trog_book, lair_entry_dummy, serial_shops,
          nicolae_shop_bloodbath_and_beyond, serial_bayou_lagoon_a,
          minmay_misc_feat_alley, amethyst_killhole, minmay_tree_intersection
D:10:     layout_basic, serial_shops, nicolae_diamond_shop, moated_statue,
          minivault_24, nicolae_water_bricks, uniq_urug
D:11:     layout_stronghold, uniq_sonja
D:12:     layout_basic, orc_0_dummy, serial_rivers,
          chequers_serial_rivers_micro_a, chequers_serial_rivers_small_a,
          chequers_serial_rivers_micro_c, chequers_serial_rivers_large_a,
          chequers_serial_rivers_micro_a
D:13:     layout_basic, serial_shops, nicolae_shop_stone, uniq_rupert
D:14:     layout_irregular_city, david_vaults_4
D:15:     hangedman_depths_entry_try_elsewhere_first, layout_loops_ring,
          chequers_serial_rivers_micro_c
Temple:   hellmonk_temple_divided_pantheon
Lair:1:   layout_chaotic_city, lemuel_fruit_tree
Lair:2:   layout_regular_city, minmay_swamp_entry_reptiles,
          portal_ice_cave_demonic_guard
Lair:3:   layout_gridlike, spider_nest_entry_webs, gammafunk_ghost_arena,
          infiniplex_staircase_pool, serial_bayou_shore_a
Lair:4:   layout_cave_shapes, infiniplex_staircase_pool_2, grunt_megastairs_5
Lair:5:   evil_forest, layout_cave_pods, minmay_slime_entry_pillars,
          ebering_ghost_funeral_grove, chequers_serial_rivers_small_3
Spider:1: layout_spider_delve
Orc:1:    layout_caves, uniq_snorg
Orc:2:    st_orc_ogre_mass, layout_caves, hangedman_minor_magic

Skill      XL: |  1  2  3  4  5  6  7  8  9 10 11 12 13 14 15 |
---------------+----------------------------------------------+-----
Axes           | 2 3 4 5 6 7 8 9 10 | 10.3
Armour         | 2 3 4 5 6 7 8 9 10 | 10.3
Dodging        | 1 2 3 4 5 6 7 8 9 10 | 10.1
Invocations    | 3 4 5 7 9 10 11 12 13 14 | 14.4
Fighting       | 4 5 6 7 8 9 10 11 | 11.5
Stealth        | 3 4 6 7 8 |  8.9
Shields        | 2 4 5 6 7 |  7.3
Spellcasting   | 2 4 5 7 |  7.4
Air Magic      | 1 |  1.4
Conjurations   | 1 |  1.4
Evocations     | |  0.4

Action                   |  1- 3 |  4- 6 |  7- 9 | 10-12 | 13-15 || total
-------------------------+-------+-------+-------+-------+-------++-------
Melee: Hand axe          |    51 |    94 |   169 |   429 |   981 ||  1724
       Punch             |       |     1 |     2 |     2 |       ||     5
Throw: Dart              |       |       |       |    44 |    14 ||    58
       Boomerang         |       |       |       |       |    16 ||    16
 Cast: Shock             |       |       |       |       |     1 ||     1
Invok: Bend Space        |     1 |       |     2 |     2 |     5 ||    10
       Depart the Abyss  |     1 |       |       |       |       ||     1
       Banish            |       |       |     5 |    18 |    18 ||    41
       Corrupt           |       |       |       |       |     1 ||     1
Evoke: Wand              |       |       |       |     5 |       ||     5
       Piece from Xom's  |       |       |       |       |     1 ||     1
  Use: Scroll            |       |       |     6 |    13 |     4 ||    23
       Potion            |       |       |     3 |     5 |     1 ||     9
 Stab: Sleeping          |       |       |       |     1 |    20 ||    21
       Distracted        |       |       |       |       |     7 ||     7
Armor: Leather armour    |    28 |    10 |       |       |       ||    38
       Chain mail        |       |    21 |    90 |    70 |   422 ||   603
       Plate armour      |       |       |       |    74 |       ||    74
Dodge: Dodged            |    50 |    41 |   115 |   209 |   772 ||  1187
Block: Buckler           |       |       |       |    48 |   319 ||   367
       Kite shield       |       |       |       |    13 |   180 ||   193
